 Dungeon Crawl Stone Soup version 0.29.0-4-gdea44cf6ec (webtiles) character file.

Game seed: 901177122064348138

6555 DemonSlayer the Thaumaturge (level 10, -9/57 (66) HPs)
             Began as a Demonspawn Fire Elementalist on Aug 26, 2022.
             Mangled by a vampire
             ... wielding a +4 dagger of draining
              (11 damage)
             ... on level 8 of the Dungeon.
             The game lasted 00:36:30 (13641 turns).

DemonSlayer the Thaumaturge (DsFE)                 Turns: 13641, Time: 00:36:31

HP:   -9/57 (66)    AC:  8    Str: 13    XL:     10   Next: 70%
MP:   20/24         EV: 13    Int: 23    God:
Gold: 552           SH:  4    Dex: 19    Spells: 13/30 levels left

rFire   . . .      SeeInvis +   j - +0 broad axe (chaos)
rCold   . . .      Faith    .   A - +0 buckler
rNeg    . . .      Spirit   .   K - +0 steam dragon scales
rPois   .          Reflect  .   (helmet restricted)
rElec   .          Harm     .   f - +2 cloak
rCorr   .          Rampage  .   (no gloves)
Will    +....                   (no boots)
Stlth   +++.......              v - amulet "Pelano" {Will+ Regen+}
HPRegen 0.99/turn               c - +4 ring of slaying
MPRegen 0.19/turn               H - ring "Ixaehu Kolli" {Str+4 Int+2 Dex+6 Slay+2 SInv}

@: heavily drained
A: horns 1, spiny 3, weakness stinger 2, demonic touch 1
a: no special abilities


You were on level 8 of the Dungeon.
You visited 2 branches of the dungeon, and saw 9 of its levels.
You also visited: Bailey.

You collected 552 gold pieces.

Inventory:

Hand Weapons
 j - a +0 broad axe of chaos (weapon)
 I - a +5 vampiric dagger
Missiles
 E - 4 atropa-tipped darts
Armour
 f - a +2 cloak (worn)
 A - a +0 buckler (worn)
 K - +0 steam dragon scales (worn)
Jewellery
 c - a +4 ring of slaying (left hand)
 e - a ring of wizardry
 g - a +4 ring of evasion
 v - the amulet "Pelano" (around neck) {Will+ Regen+}
   (You found it on level 4 of the Dungeon)

   [amulet of regeneration]

   Regen:     It increases your rate of health regeneration.
   Will:      It increases your willpower.
 w - a ring of positive energy
 H - the ring "Ixaehu Kolli" (right hand) {Str+4 Int+2 Dex+6 Slay+2 SInv}
   (You found it on level 6 of the Dungeon)

   [ring of dexterity]

   Str:       It affects your strength (+4).
   Int:       It affects your intelligence (+2).
   Dex:       It affects your dexterity (+6).
   Slay:      It affects your accuracy & damage with ranged weapons and melee
   (+2).
   SInv:      It lets you see invisible.
Wands
 a - a wand of flame (24)
 s - a wand of paralysis (9)
 z - a wand of light (6)
 F - a wand of polymorph (10)
Scrolls
 d - 3 scrolls of teleportation
 l - 3 scrolls of fear
 n - a scroll of magic mapping
 p - 4 scrolls of blinking
 B - a scroll of enchant armour
Potions
 b - a potion of haste {unknown}
 h - 2 potions of mutation
 i - 2 potions of ambrosia
 k - 2 potions of flight
 m - a potion of degeneration {unknown}
 o - 4 potions of attraction
 q - a potion of lignification
 t - a potion of experience {unknown}
 C - a potion of curing {unknown}
 G - 2 potions of heal wounds


   Skills:
 + Level 1.6 Fighting
 + Level 1.4 Short Blades
 + Level 0.1 Throwing
 + Level 3.1 Dodging
 + Level 3.9 Stealth
 + Level 1.1 Shields
 + Level 0.1 Unarmed Combat
 + Level 10.6 Spellcasting
 + Level 1.6 Conjurations
 + Level 9.8 Fire Magic
 + Level 0.3 Evocations


You had 13 spell levels left.
You knew the following spells:

 Your Spells              Type           Power      Damage    Failure   Level
a - Foxfire               Conj/Fire      100%       2x1d9     1%          1
b - Scorch                Fire           100%       2d10      1%          2
c - Slow                  Hex            48%        N/A       7%          1
d - Conjure Flame         Conj/Fire      38%        6-21      1%          3
e - Flame Wave            Conj/Fire      38%        2d10      6%          4
f - Dazzling Flash        Conj/Hex       32%        N/A       14%         3
g - Confusing Touch       Hex            12%        N/A       21%         3

Your spell library contained the following spells:

 Spells                   Type           Power      Damage    Failure   Level
 Inner Flame              Hex/Fire       35%        N/A       2%          3
 Vampiric Draining        Necr           12%        2d6       21%         3
 Irradiate                Conj/Tmut      8%         3d14      80%         5
 Agony                    Necr           12%        N/A       88%         5
 Blade Hands              Tmut           6%         N/A       88%         5
 Silence                  Hex/Air        6%         N/A       88%         5
 Dragon Form              Tmut           6%         N/A       100%        7


Dungeon Overview and Level Annotations

Branches:
Dungeon (8/15)             Temple (1/1) D:5          Bailey (visited)
   Lair: D:8-11

Altars:
Ashenzari
Cheibriados
Dithmenos
Gozag
Makhleb
Nemelex Xobeh
Okawaru
Qazlal
Ru
Trog
Uskayaw
Vehumet
Wu Jian
Xom
Yredelemnul
Lugonu

Annotations:
D:3 1 runed translucent door, Crazy Yiuf


Innate Abilities, Weirdness & Mutations

You have a pair of small horns on your head.
You are completely covered in sharp spines.
You have a tail ending in a sharp stinger.
Your touch may inflict minor irresistible damage on your foes.


Message History

The vampire mumbles some strange words.
The vampire flickers and vanishes for a moment.
You block the vampire's attack.
The vampire bites you but does no damage.
You slash the vampire!
The vampire seems to grow stronger.
You headbutt the vampire, but do no damage.
You tail-slap the vampire.
The vampire is moderately damaged.
The vampire hits you with a +4 dagger of draining!
You feel drained. You block the vampire's attack.
A vampire is nearby!
A vampire is nearby!
A vampire is nearby!
A vampire is nearby!
A vampire is nearby!
Flames lash the vampire but do no damage.
The vampire hits you with a +4 dagger of draining!
You feel drained. The vampire bites you.
The vampire draws strength from your injuries!
Flames lash the vampire.
The vampire is moderately damaged.
The vampire's fire resistance burns away.
The vampire misses you. The vampire bites you.
The vampire draws strength from your injuries!
You are too injured to fight recklessly!
You are too injured to fight recklessly!
You are too injured to fight recklessly!
You are too injured to fight recklessly!
You barely miss the vampire. Your headbutt misses the vampire.
The vampire is moderately damaged.
The vampire is no longer more vulnerable to fire.
The vampire hits you with a +4 dagger of draining!!
* * * LOW HITPOINT WARNING * * *
You feel drained.
* * * LOW HITPOINT WARNING * * *
The vampire bites you.
* * * LOW HITPOINT WARNING * * *
The vampire draws strength from your injuries!
The vampire hits you with a +4 dagger of draining!
You die...

#######......#
#.......### #..
#.......####.#.
.#.........###..
##.####### ####.
.#####..##...#..
#..# .........
#..####.... .)##
.§[#...
#..######.. .##
#### §§§§§
##.)...#### ###
###..# #§§§#
#####.###
..####...##
#§V§# #...#
...<...### #§@§#
###.## ..####.#
#§§§# #..# ..#
#.### #§§§# ##..
..#
#...######§§§#
### [.#
###.....##§§§##
# ###
#####.#§§§§§#
#.......#
#########


You could see a vampire (strong, invisible).

Vanquished Creatures
  2 vault guards (Bailey)
  A gargoyle (D:5)
  Grinder (D:6)
  Prince Ribbit (Bailey)
  A wyvern (D:7)
  5 humans (Bailey)
  A steam dragon (D:8)
  2 water moccasins (D:5)
  2 sky beasts
  An orc warrior (D:8)
  3 ice beasts (D:7)
  3 black bears
  2 centaurs
  6 phantoms
  A kobold brigand (D:8)
  Blork the orc (D:6)
  9 bullfrogs
  3 scorpions
  A necrophage (D:6)
  4 wights (D:7)
  3 orc priests
  2 gnoll boudas
  5 hounds
  2 jellies
  6 iguanas
  4 orc wizards
  7 adders
  8 gnolls
  A shadow imp (D:5)
  3 white imps
  3 ufetubi
  4 worms
  3 dart slugs
  20 orcs
  8 bats
  7 endoplasms
  5 giant cockroaches
  10 goblins
  9 hobgoblins
  8 jackals
  4 ball pythons
  2 frilled lizards
  4 kobolds
  5 rats
183 creatures vanquished.

Vanquished Creatures (others)
  106 foxfires
106 creatures vanquished.

Grand Total: 289 creatures vanquished

Notes
Turn   | Place    | Note
-------+----------+-------------------------------------------
     0 | D:1      | DemonSlayer the Demonspawn Fire Elementalist began the
                  | quest for the Orb.
     0 | D:1      | Reached XP level 1. HP: 13/13 MP: 3/3
   281 | D:1      | Discovered your monstrous ancestry.
   281 | D:1      | Gained mutation: You have a pair of small horns on your
                  | head. [demonic ancestry]
   281 | D:1      | Reached XP level 2. HP: 12/19 MP: 0/5
   866 | D:1      | Learned a level 2 spell: Scorch
  1590 | D:2      | Found a sparkling altar of Nemelex Xobeh.
  1608 | D:2      | Gained mutation: You are partially covered in sharp spines.
                  | [demonic ancestry]
  1608 | D:2      | Reached XP level 3. HP: 24/24 MP: 3/6
  2424 | D:2      | Gained mutation: You have a small tail. [demonic ancestry]
  2424 | D:2      | Reached XP level 4. HP: 30/30 MP: 3/8
  2637 | D:2      | Found a faded altar of an unknown god.
  2720 | D:2      | Reached skill level 3 in Spellcasting
  2818 | D:2      | Learned a level 1 spell: Slow
  2822 | D:2      | Learned a level 3 spell: Conjure Flame
  4271 | D:4      | Noticed a scorpion
  4280 | D:4      | Killed a scorpion
  4281 | D:4      | Reached XP level 5. HP: 35/35 MP: 0/10
  4286 | D:4      | Learned a level 4 spell: Flame Wave
  4371 | D:4      | Identified the amulet "Pelano" {Will+ Regen+}
  4502 | D:4      | Noticed a phantom
  4509 | D:4      | Killed a phantom
  4510 | D:4      | Reached skill level 4 in Spellcasting
  4510 | D:4      | Reached XP level 6. HP: 38/41 MP: 3/12
  4917 | D:4      | You fall into a shaft and drop 1 floor!
  4917 | D:5      | Entered Level 5 of the Dungeon
  5124 | D:5      | Noticed a water moccasin
  5592 | D:4      | Found a shadowy altar of Dithmenos.
  6110 | D:3      | Found a runed translucent door.
  6111 | D:3      | Noticed Crazy Yiuf
  6161 | D:3      | Reached skill level 5 in Fire Magic
  6451 | D:5      | Killed a water moccasin
  6452 | D:5      | Gained mutation: You have a tail ending in a sharp stinger.
                  | [demonic ancestry]
  6452 | D:5      | Reached XP level 7. HP: 42/47 MP: 6/14
  6499 | D:5      | Reached skill level 5 in Spellcasting
  6695 | D:5      | Found a staircase to the Ecumenical Temple.
  6752 | Temple   | Entered the Ecumenical Temple
  7211 | D:5      | Gained mutation: You are mostly covered in sharp spines.
                  | [demonic ancestry]
  7211 | D:5      | Reached XP level 8. HP: 30/53 MP: 2/16
  7461 | D:6      | Learned a level 3 spell: Dazzling Flash
  7465 | D:6      | Learned a level 3 spell: Confusing Touch
  7535 | D:5      | Reached skill level 6 in Spellcasting
  7693 | D:5      | Reached skill level 1 in Fighting
  8104 | D:5      | Noticed a gargoyle
  8121 | D:5      | Killed a gargoyle
  8122 | D:5      | Reached skill level 7 in Spellcasting
  8386 | D:5      | Reached skill level 1 in Shields
  8530 | D:6      | Found a stormy altar of Qazlal.
  8964 | D:6      | Noticed Blork the orc
  8973 | D:6      | Killed Blork the orc
  9048 | D:6      | Identified the ring "Ixaehu Kolli" {Str+4 Int+2 Dex+6
                  | Slay+2 SInv}
  9185 | D:6      | Found a shimmering altar of Xom.
  9196 | D:6      | Gained mutation: You are completely covered in sharp
                  | spines. [demonic ancestry]
  9196 | D:6      | Reached XP level 9. HP: 59/59 MP: 11/20
  9274 | D:6      | Noticed Grinder
  9284 | D:6      | Killed Grinder
  9596 | D:7      | Reached skill level 8 in Spellcasting
  9613 | D:7      | Found a flagged portal.
  9658 | Bailey   | Entered a bailey
  9877 | Bailey   | Reached skill level 9 in Spellcasting
  9881 | Bailey   | Reached skill level 1 in Short Blades
 10096 | Bailey   | Noticed Prince Ribbit
 10096 | Bailey   | Noticed a vault guard
 10151 | Bailey   | Killed a vault guard
 10152 | Bailey   | Gained mutation: Your touch may inflict minor irresistible
                  | damage on your foes. [demonic ancestry]
 10152 | Bailey   | Reached XP level 10. HP: 37/65 MP: 3/23
 10152 | Bailey   | Killed Prince Ribbit
 10636 | Bailey   | Noticed a vault guard
 10650 | Bailey   | Killed a vault guard
 10651 | Bailey   | Reached skill level 10 in Spellcasting
 11141 | D:7      | Found an ornate altar of the Wu Jian Council.
 11241 | D:7      | Found a burning altar of Makhleb.
 12149 | D:8      | Found a radiant altar of Vehumet.
 12959 | D:8      | Found a hide-covered altar of Uskayaw.
 13004 | D:8      | Found a sacrificial altar of Ru.
 13004 | D:8      | Found a broken altar of Ashenzari.
 13423 | D:8      | Learned a level 3 spell: Confusing Touch
 13536 | D:8      | Found a snail-covered altar of Cheibriados.
 13641 | D:8      | HP: 2/57 [vampire/+4 dagger of draining (4)]
 13641 | D:8      | Mangled by a vampire

Illustrated notes

Levels and vault maps discovered:
D:1:      amcnicky_arrival_gap_in_the_tavern_cellar, layout_loops_ring,
          minivault_14, minmay_split_cup_small
D:2:      minmay_wonky_spiral, layout_loops_corners, basic_altar,
          nicolae_ecumenical_oubliette, amethyst_killhole
D:3:      layout_loops_corners, uniq_crazy_yiuf_cottage
D:4:      minmay_inner_zag, layout_loops_ring, mainiacjoe_overflow_alcove_1,
          grunt_ministairs_10, minmay_quantized
D:5:      layout_basic, mainiacjoe_overflow_alcove_4,
          minmay_temple_entry_slanted, minmay_fractal_squares_5
D:6:      layout_cave_pods, lemuel_crystal_altar, grunt_qazlal_clouds,
          uniq_grinder, uniq_blork_the_orc
D:7:      layout_basic, nicolae_wu_jian_immortal_techniques,
          mainiacjoe_overflow_boulevard, enter_bailey_2
D:8:      layout_rooms, nicolae_overflow_crystal_walls, amcnicky_altar_gilded,
          beargit_hepliaklqana_dungeon_heroes, cheibrodos_worm_habitat,
          mainiacjoe_overflow_catwalk_spiral
Temple:   corrupted_temple

Skill      XL: |  1  2  3  4  5  6  7  8  9 10 |
---------------+-------------------------------+-----
Fire Magic     | 3 4 5 6 7 9 |  9.8
Stealth        | 2 3 |  3.9
Dodging        | 2 3 |  3.1
Spellcasting   | 3 4 5 7 9 10 | 10.6
Fighting       | 1 |  1.6
Shields        | 1 |  1.1
Short Blades   | 1 |  1.4
Throwing       | |  0.1
Unarmed Combat | |  0.1
Conjurations   | |  1.6
Evocations     | |  0.3

Action                   |  1- 3 |  4- 6 |  7- 9 | 10-12 || total
-------------------------+-------+-------+-------+-------++-------
Melee: Unarmed           |    10 |       |       |       ||    10
       Dagger            |    26 |    19 |    15 |     6 ||    66
       Headbutt          |     5 |     5 |     5 |     1 ||    16
       Punch             |     1 |       |       |       ||     1
       Tailslap          |       |     2 |     4 |     4 ||    10
       Broad axe         |       |       |       |     4 ||     4
Throw: Dart              |       |       |     1 |       ||     1
 Cast: Foxfire           |    42 |       |    10 |    12 ||    64
       Scorch            |    19 |    58 |   113 |    58 ||   248
       Flame Wave        |       |       |     3 |       ||     3
       Conjure Flame     |       |       |       |     2 ||     2
       Slow              |       |       |       |     1 ||     1
Evoke: Wand              |       |       |     1 |     2 ||     3
  Use: Potion            |       |     1 |     4 |       ||     5
       Scroll            |       |     4 |     8 |     9 ||    21
 Stab: Sleeping          |     1 |     2 |     3 |       ||     6
Armor: Robe              |     9 |     6 |    10 |     7 ||    32
       Steam dragon scal |       |       |       |     1 ||     1
Dodge: Dodged            |    16 |    29 |    44 |    15 ||   104
Block: Buckler           |       |       |     6 |     7 ||    13
